 Dungeon Crawl Stone Soup version 0.21.1-1-g345015fe64 (webtiles) character file.

6297 Kohma the Covert (level 10, -3/53 HPs)
             Began as a Vine Stalker Assassin on July 9, 2018.
             Was a Follower of Uskayaw.
             Slain by an unseen horror (4 damage)
             ... on level 9 of the Dungeon.
             The game lasted 00:38:57 (9574 turns).

Kohma the Covert (Vine Stalker Assassin)            Turns: 9574, Time: 00:38:57

Health: -3/53      AC: 10    Str: 18    XL:     10   Next: 94%
Magic:  0/24       EV: 11    Int: 14    God:    Uskayaw [*.....]
Gold:   409        SH:  0    Dex: 15    Spells: 4/9 levels left

rFire    . . .     SeeInvis .   a - +2 dagger
rCold    . . .     Gourm    .   (no shield)
rNeg     . . .     Faith    .   k - +0 ring mail
rPois    .         Spirit   +   o - +0 helmet
rElec    .         Reflect  .   d - +0 cloak
rCorr    .         Harm     .   q - +1 pair of gloves
MR       +....                  (no boots)
Stlth    ++++......             j - amulet of magic regeneration
HPRegen  0.57/turn              v - +3 ring of strength
MPRegen  0.44/turn              F - ring of magical power

@: hasted, very quick
A: fangs 3, regeneration 1, magic shield, antimagic bite, no potion heal 3, rot
immunity
a: Stomp, Renounce Religion


You were on level 9 of the Dungeon.
You worshipped Uskayaw.
Uskayaw was noncommittal.
You were near starving.

You visited 2 branches of the dungeon, and saw 11 of its levels.
You also visited: Sewer and Ossuary.

You collected 409 gold pieces.

Inventory:

Hand Weapons
 a - a +2 dagger (weapon)
 b - a +2 blowgun
 x - a +0 rapier
Missiles
 f - a curare-tipped needle {!f}
 B - 4 tomahawks of returning
 J - 3 poisoned tomahawks (quivered)
 N - a poisoned needle
Armour
 d - a +0 cloak (worn)
 k - a +0 ring mail (worn)
 o - a +0 helmet (worn)
 q - a +1 pair of gloves (worn)
 M - a scarf of cloud immunity
Jewellery
 j - an amulet of magic regeneration (around neck)
 v - a +3 ring of strength (left hand)
 F - a ring of magical power (right hand)
Wands
 l - a wand of acid (6)
 w - a wand of enslavement (17)
 O - a wand of digging (15)
Scrolls
 y - 2 scrolls of amnesia
 z - 8 scrolls of remove curse
 C - 2 scrolls of fog
 D - a scroll of enchant armour
 H - 4 scrolls of fear
 I - 4 scrolls of teleportation
Potions
 c - 4 potions of flight
 h - 4 potions of curing
 i - a potion of ambrosia {unknown}
 m - 4 potions of mutation
 p - 4 potions of might
 r - a potion of brilliance {unknown}
 s - a potion of lignification {unknown}
 t - 4 potions of resistance
 A - a potion of cancellation {unknown}
 E - 2 potions of heal wounds {unknown}
 G - a potion of magic {unknown}
 L - a potion of berserk rage {unknown}
 P - a potion of agility {unknown}
Books
 e - a book of Maledictions

   Spells                             Type                      Level
   a - Corona                         Hexes                        1
   b - Ensorcelled Hibernation        Hexes/Ice                    2
   c - Confuse                        Hexes                        3
   d - Tukima's Dance                 Hexes                        3
   e - Dazzling Spray                 Conjuration/Hexes            3
 n - a book of Necromancy

   Spells                             Type                      Level
   a - Pain                           Necromancy                   1
   b - Animate Skeleton               Necromancy                   1
   c - Vampiric Draining              Necromancy                   3
   d - Regeneration                   Charms/Necromancy            3
   e - Animate Dead                   Necromancy                   4
   f - Borgnjor's Vile Clutch         Necromancy/Earth             5
Comestibles
 g - 15 rations


   Skills:
 + Level 5.6 Fighting
 * Level 8.0 Short Blades
 + Level 7.2 Throwing
 + Level 3.5 Armour
 - Level 2.0 Dodging
 + Level 9.1 Stealth
 + Level 5.8 Invocations


You had 4 spell levels left.
You knew the following spells:

 Your Spells              Type           Power        Failure   Level  Hunger
a - Ensorcelled Hibernat  Hex/Ice        #.....       58%         2    ###....
b - Confuse               Hex            #.......     83%         3    ####...


Dungeon Overview and Level Annotations

Branches:
Dungeon (10/15)            Temple (1/1) D:7            Lair (0/6) D:9
    Orc: D:9-12

Altars:
Ashenzari
Cheibriados
Dithmenos
Elyvilon
Fedhas
Gozag
Hepliaklqana
Kikubaaqudgha
Makhleb
Nemelex Xobeh
Okawaru
Qazlal
Ru
Sif Muna
Trog
Uskayaw
Vehumet
Wu Jian
Xom
Yredelemnul
Zin
The Shining One

Shops:
D:7 =

Annotations:
D:10 Dommiel19's ghost, journeyman OgBe


Innate Abilities, Weirdness & Mutations

You have razor-sharp teeth.
Your natural rate of healing is unusually fast.
When hurt, damage is shared between your health and your magic reserves.
Your bite disrupts and absorbs the magic of your enemies.
Potions cannot restore your health.
You are immune to rotting.


Message History

You climb upwards.
There is a stone staircase leading down here.
Something hits you but does no damage. Something hits you.
* * * LOW HITPOINT WARNING * * *
Something hits you but does no damage. Something hits you but does no damage.
You can no longer pass through a line of other dancers.
Something hits you but does no damage. Something hits you but does no damage.
Something hits you!
* * * LOW HITPOINT WARNING * * *
Something hits you but does no damage. Something hits you!
* * * LOW HITPOINT WARNING * * *
You feel yourself speed up. Something hits you.
Something hits you but does no damage. Something hits you.
* * * LOW HITPOINT WARNING * * *
Something hits you.
You die...

##.....#####.#
#.#.####
..........##.# #.#.#
##.#...##.##.# #.#.#
##.######.##.# #.#.#
##.# #.##.# #.#.#
##.# #.##.###.#.#
##.######.#..<##.#.#
##.#....[..........#
##.#.###..#...##@###
##........##.###.#
.....####.##.###.#
.................#
#####.######.#####
##.## #.#
##...#####.#
###..........#
.......#######


There were no monsters in sight!

Vanquished Creatures
  A two-headed ogre (D:9)
  The ghost of AAA992 the Cleaver, a novice MiGl of Hepliaklqana (D:8)
  Pikel (D:8)
  Prince Ribbit (D:9)
  A hippogriff (D:8)
  A wyvern (D:8)
  2 hungry ghosts
  Edmund (D:5)
  2 orc warriors
  Purgy (Sewer)
  4 ice beasts
  A slave (D:8)
  A necrophage (D:6)
  3 ogres
  4 centaurs
  A big kobold (D:4)
  3 bullfrogs
  A water moccasin zombie (D:5)
  9 scorpions
  A water moccasin skeleton (D:6)
  5 wights (D:8)
  2 vampire bats (D:4)
  3 howler monkeys (D:7)
  2 centaur zombies (Ossuary)
  A crimson imp (D:6)
  2 bullfrog zombies
  3 human zombies (Ossuary)
  4 orc priests
  2 hounds
  3 bullfrog skeletons
  Crazy Yiuf (D:2)
  7 orc wizards
  6 worker ants
  A big kobold zombie (Ossuary)
  2 hound skeletons
  4 mummies
  3 scorpion zombies (Ossuary)
  11 adders
  2 shadow imps
  3 oozes
  3 adder skeletons
  An adder zombie (D:5)
  6 worms
  6 leopard geckos
  47 orcs
  3 bat skeletons (D:4)
  2 bat zombies (D:4)
  2 giant cockroaches
  3 goblins (D:2)
  3 hobgoblins
  14 jackals
  3 quokkas
  4 ball pythons
  6 bats
  12 frilled lizards
  2 goblin zombies (Ossuary)
  3 hobgoblin zombies
  5 kobolds
  3 kobold zombies
  2 leopard gecko skeletons (D:4)
  An orc zombie (Ossuary)
  2 quokka zombies
  10 rats
250 creatures vanquished.

Vanquished Creatures (others)
  A slave (D:8)
  A shadow imp (D:8)
2 creatures vanquished.

Grand Total: 252 creatures vanquished

Notes
Turn   | Place    | Note
-------+----------+-------------------------------------------
     0 | D:1      | Kohma the Vine Stalker Assassin began the quest for the Orb.
     0 | D:1      | Reached XP level 1. HP: 11/11 MP: 2/2
   336 | D:1      | Reached XP level 2. HP: 15/15 MP: 3/3
   594 | D:1      | Reached skill level 1 in Dodging
   881 | D:2      | Reached skill level 5 in Stealth
   881 | D:2      | Reached XP level 3. HP: 18/18 MP: 4/4
  1329 | D:2      | Gained mutation: Your natural rate of healing is unusually fast. [Vine Stalker growth]
  1329 | D:2      | Reached XP level 4. HP: 15/23 MP: 5/5
  1588 | D:2      | Found a runed door.
  1593 | D:2      | Noticed Crazy Yiuf
  1620 | D:2      | Paralysed by Crazy Yiuf for 4 turns
  1622 | D:2      | Killed Crazy Yiuf
  2021 | D:3      | Reached XP level 5. HP: 26/26 MP: 6/6
  2486 | D:4      | Noticed a big kobold
  2504 | D:4      | Killed a big kobold
  2507 | D:4      | Reached XP level 6. HP: 20/32 MP: 7/7
  2557 | D:4      | Found a hide-covered altar of Uskayaw.
  2558 | D:4      | Noticed a dagger
  2558 | D:4      | Noticed a hand axe
  2569 | D:4      | Became a worshipper of Uskayaw the Reveler
  2607 | D:4      | Reached * piety under Uskayaw
  2633 | D:4      | Reached ** piety under Uskayaw
  2931 | D:4      | Reached *** piety under Uskayaw
  2932 | D:4      | Reached XP level 7. HP: 33/36 MP: 8/8
  3007 | D:4      | Reached skill level 6 in Stealth
  3746 | D:4      | Found an ancient bone altar of Kikubaaqudgha.
  3759 | D:4      | Reached **** piety under Uskayaw
  3925 | D:5      | Entered Level 5 of the Dungeon
  3952 | D:5      | Found a hazy altar of Hepliaklqana.
  4101 | D:5      | Gained mutation: You have razor-sharp teeth. [Vine Stalker growth]
  4101 | D:5      | Reached XP level 8. HP: 36/40 MP: 9/9
  4146 | D:5      | Found a shadowy altar of Dithmenos.
  4254 | D:5      | Reached skill level 5 in Short Blades
  4254 | D:5      | Reached skill level 5 in Throwing
  4398 | D:5      | Noticed Edmund
  4423 | D:5      | Killed Edmund
  4423 | D:5      | Reached skill level 1 in Invocations
  4633 | D:5      | Reached skill level 7 in Stealth
  4952 | D:6      | Reached skill level 1 in Armour
  5066 | D:6      | Reached XP level 9. HP: 40/45 MP: 9/11
  5433 | D:6      | Found a glowing drain.
  5447 | Sewer    | Entered a sewer
  5477 | Sewer    | Noticed Purgy
  5496 | Sewer    | Killed Purgy
  6003 | D:7      | Found Leityciw's Jewellery Emporium.
  6057 | D:7      | Found a staircase to the Ecumenical Temple.
  6065 | Temple   | Entered the Ecumenical Temple
  6402 | D:7      | Found a sand-covered staircase.
  6410 | Ossuary  | Entered an ossuary
  6746 | Ossuary  | Got a bound jade amulet
  6755 | Ossuary  | Identified the amulet "Dumnyz" {Harm *Drain Int+2 Dex+4} (You found it in an ossuary)
  7176 | D:7      | Reached ***** piety under Uskayaw
  7521 | D:7      | Reached skill level 8 in Stealth
  7810 | D:8      | Found a blossoming altar of Fedhas.
  7811 | D:8      | Found a burning altar of Makhleb.
  7814 | D:8      | Reached XP level 10. HP: 51/51 MP: 14/14
  7867 | D:8      | Noticed Pikel
  7913 | D:8      | Killed Pikel
  7913 | D:8      | Reached skill level 5 in Fighting
  7913 | D:8      | Reached skill level 5 in Invocations
  8467 | D:8      | Noticed AAA992's ghost (novice MiGl)
  8493 | D:8      | Killed AAA992's ghost
  8656 | D:9      | Found a basalt altar of Yredelemnul.
  8676 | D:9      | Found a staircase to the Lair.
  8799 | D:9      | Noticed a two-headed ogre
  8955 | D:9      | Killed a two-headed ogre
  9107 | D:9      | Reached skill level 9 in Stealth
  9220 | D:9      | Noticed Prince Ribbit
  9237 | D:9      | Killed Prince Ribbit
  9245 | D:9      | Found an opulent altar of Gozag.
  9359 | D:10     | Entered Level 10 of the Dungeon
  9392 | D:10     | Learned a level 2 spell: Ensorcelled Hibernation
  9397 | D:10     | Learned a level 3 spell: Confuse
  9446 | D:10     | Noticed Dommiel19's ghost (journeyman OgBe)
  9571 | D:9      | HP: 2/53 [something (5)]
  9574 | D:9      | Slain by an unseen horror

Skill      XL: |  1  2  3  4  5  6  7  8  9 10 |
---------------+-------------------------------+-----
Short Blades   | 2 3 4 5 6 8 |  8.0
Throwing       | 2 3 4 5 6 7 |  7.2
Dodging        | 1 2 |  2.0
Fighting       | 2 3 4 5 |  5.6
Stealth        | 5 6 7 8 9 |  9.1
Invocations    | 2 4 5 |  5.8
Armour         | 1 2 3 |  3.5

Action                   |  1- 3 |  4- 6 |  7- 9 | 10-12 || total
-------------------------+-------+-------+-------+-------++-------
Melee: Dagger            |    50 |   162 |   641 |   201 ||  1054
       Bite              |    11 |    43 |   230 |    71 ||   355
 Fire: Blowgun           |    29 |    44 |    10 |       ||    83
Invok: Stomp             |       |       |     2 |       ||     2
       Line Pass         |       |       |     2 |       ||     2
Evoke: Wand              |       |       |       |     2 ||     2
  Use: Scroll            |       |     5 |    12 |     5 ||    22
       Potion            |       |       |     3 |     2 ||     5
 Stab: Sleeping          |     3 |     3 |     9 |     2 ||    17
       Paralysed         |       |     1 |    17 |     9 ||    27
       Distracted        |       |       |     6 |     2 ||     8
       Confused          |       |       |     1 |       ||     1
  Eat: Chunk             |     1 |     5 |     7 |     2 ||    15
       Ration            |       |       |     4 |     1 ||     5
Armor: Robe              |     5 |       |       |       ||     5
       Ring mail         |    12 |    61 |   199 |    52 ||   324
Dodge: Dodged            |    20 |    78 |   269 |    65 ||   432
